 Seeded DCSS version 0.28-a0-657-g71136c5590 (webtiles) character file.

Game seed: 4048785542138618196 (custom seed)

5065 flotson the Skirmisher (level 10, -17/109 (118) HPs)
             Began as a Demonspawn Delver on Oct 14, 2021.
             Was an Initiate of Gozag.
             Killed from afar by Erica (22 damage)
             ... with a lance of force
             ... on level 8 of the Dungeon.
             The game lasted 00:17:57 (7598 turns).

flotson the Skirmisher (Demonspawn Delver)          Turns: 7598, Time: 00:17:58

HP:   -17/109 (118) AC: 17    Str: 15    XL:     10   Next: 31%
MP:   10/10         EV: 16    Int: 15    God:    Gozag
Gold: 185           SH:  0    Dex: 19    Spells: 9/9 levels left

rFire   + + .      SeeInvis .   a - +4 morningstar (freeze)
rCold   . . .      Faith    .   s - +0 buckler
rNeg    . . .      Spirit   .   U - +4 scale mail {rF+}
rPois   .          Reflect  .   K - +2 helmet {Int+3}
rElec   .          Harm     .   (no cloak)
rCorr   .          Rampage  .   S - +0 pair of gloves
Will    .....                   L - +0 pair of boots
Stlth   ..........              B - amulet of regeneration
HPRegen 1.28/turn               h - +4 ring of evasion
MPRegen 0.12/turn               J - ring of protection from fire

@: confused, brilliant, berserking, lethally poisoned (-17 -> -18), flying,
slowed, drained
A: thin skeletal structure 2, demonic guardian 2, demonic touch 2
a: Renounce Religion, Potion Petition, Call Merchant, Bribe Branch


You were on level 8 of the Dungeon.
You worshipped Gozag.
Gozag was aware of your devotion.
You visited 1 branch of the dungeon, and saw 8 of its levels.

You collected 1288 gold pieces.
You spent 1025 gold pieces at shops.
You paid 78 gold pieces to Gozag.

Inventory:

Hand Weapons
 a - a +4 morningstar of freezing (weapon)
 b - the +8 hunting sling of the Jumping Coward {venom, rPois rN+ rCorr Int-4}
   (You found it on level 7 of the Dungeon)

   Any ammunition fired from it poisons the flesh of those it strikes.
   Int:       It affects your intelligence (-4).
   rPois:     It protects you from poison.
   rN:        It protects you from negative energy.
   rCorr:     It protects you from acid and corrosion.
Missiles
 d - 36 poisoned darts (quivered)
 H - 3 javelins
 M - 44 stones
 N - 7 boomerangs
 T - 2 curare-tipped darts
Armour
 s - a +0 buckler (worn)
 K - a +2 helmet of intelligence (worn)
 L - a +0 pair of boots (worn)
 S - a +0 pair of gloves (worn)
 U - a +4 scale mail of fire resistance (worn)
Jewellery
 h - a +4 ring of evasion (left hand)
 B - an amulet of regeneration (around neck)
 J - a ring of protection from fire (right hand)
 O - a ring of willpower
Wands
 g - a wand of digging (3)
 v - a wand of polymorph (10)
 z - a wand of acid (11)
 P - a wand of iceblast (4)
 R - a wand of paralysis (7)
Scrolls
 c - 2 scrolls of fog
 e - a scroll of enchant weapon {unknown}
 f - a scroll of immolation {unknown}
 j - 4 scrolls of enchant armour {unknown}
 m - 3 scrolls of blinking {unknown}
 n - 2 scrolls of amnesia {unknown}
 p - a scroll of vulnerability {unknown}
 r - 9 scrolls of identify
 w - a scroll of holy word {unknown}
 y - 3 scrolls of magic mapping
 A - a scroll of summoning {unknown}
 D - 3 scrolls of teleportation {unknown}
 F - a scroll of noise {unknown}
 Q - a scroll of fear
Potions
 i - 3 potions of flight
 k - a potion of mutation {unknown}
 l - a potion of resistance {unknown}
 q - 2 potions of heal wounds {unknown}
 t - a potion of haste
 u - 2 potions of ambrosia {unknown}
 x - 3 potions of brilliance
 E - 2 potions of berserk rage
 I - a potion of lignification {unknown}


   Skills:
 + Level 7.2 Fighting
 + Level 2.8 Axes
 - Level 2.6 Crossbows
 + Level 4.8 Throwing
 + Level 5.8 Armour
 + Level 6.2 Dodging
 - Level 4.5 Stealth
 - Level 4.0 Shields
 + Level 6.0 Evocations


You had 9 spell levels left.
You didn't know any spells.
Your spell library contained the following spells:

 Spells                   Type           Power      Damage    Failure   Level
 Pain                     Necr           0%         1d4       67%         1
 Summon Small Mammal      Summ           0%         N/A       67%         1
 Ensorcelled Hibernation  Hex/Ice        0%         N/A       80%         2
 Tukima's Dance           Hex            0%         N/A       95%         3
 Agony                    Necr           0%         N/A       100%        5
 Excruciating Wounds      Necr           0%         N/A       100%        5


Dungeon Overview and Level Annotations

Branches:
Dungeon (8/15)             Temple (0/1) D:5
   Lair: D:8-11

Altars:
Ashenzari
Fedhas
Gozag
Nemelex Xobeh
Ru
Sif Muna
Xom
Yredelemnul

Shops:
D:4 [   D:5 [   D:8 *

Annotations:
D:8 Erica


Innate Abilities, Weirdness & Mutations

You have a moderately thin skeletal structure. (Dex +4, Stealth++)
A demonic guardian rushes to your aid.
Your touch may inflict irresistible damage on your foes.


Message History

Something hits you. Something hits you!
* * * LOW HITPOINT WARNING * * *
A demonic guardian appears!
Something burns you.
* * * LOW HITPOINT WARNING * * *
You swap places.
Something barely misses your orange demon.
Something hits your orange demon! Something burns your orange demon.
You hear some strange, mumbled words.
Your orange demon appears confused.
It was a potion of flight.
You feel very buoyant.
You fly up into the air.
You hear some strange, mumbled words.
A bolt of poison appears from out of thin air!
The bolt of poison hits you!
You are poisoned.
* * * LOW HITPOINT WARNING * * *
A demonic guardian appears!
You hear some strange, mumbled words.
You are confused.
It was a potion of brilliance.
You feel clever all of a sudden.
* * * LOW HITPOINT WARNING * * *
You feel very sick.
You feel as though you will be slow longer.
It was a potion of berserk rage.
A red film seems to cover your vision as you go berserk!
You feel yourself moving faster!
You feel mighty!
You feel very sick.
You hear some strange, mumbled words.
You are more confused.
Something barely misses your orange demon.
You are too berserk!
You feel a strong urge to attack something.
You feel sick.
You hear some strange, mumbled words.
A lance of force appears from out of thin air!
The lance of force hits you!!
You die...
Your body crumbles into a pile of gold.

#######..##.# ##.#
............# #.#
.#######.#########.#####
.#
#.....#.............####
.#
#.###...###............#
.# #.# ##..#
#............# .# #.#
#..# #............# .#
#.# ##.# #..4...<.....#
.###.#
#.###..@..{......###
[)##.###
#.......4.[.........
.......#
##.##............###
#....#.#
#.##......$$....#
#......#
#..#####.#[(..###
#......#####.#####.#.(..#
######.............#.((.#
.......######.####.#.(..#
.......+ ...<.#.#....#


You could see 2 friendly orange demons.

Vanquished Creatures
  Pikel (D:8)
  A hornet (D:8)
  Grinder (D:4)
  A shadow (D:8)
  Edmund (D:5)
  An acid dragon (D:8)
  4 water moccasins
  An ice beast (D:6)
  3 orc warriors (D:6)
  3 sky beasts
  2 black bears
  4 ogres
  A necrophage (D:8)
  2 centaurs
  2 lemures (D:8)
  3 kobold brigands
  A scorpion (D:6)
  A gnoll sergeant (D:6)
  A wyvern skeleton (D:7)
  A water moccasin skeleton (D:6)
  7 wights
  2 howler monkeys (D:6)
  A centaur zombie (D:7)
  A bullfrog zombie (D:6)
  7 hounds
  A jelly (D:6)
  An orc priest (D:6)
  2 centaur skeletons (D:7)
  A scorpion zombie (D:5)
  3 iguanas
  9 orc wizards
  4 gnolls (D:2)
  5 adders
  2 shadow imps
  A white imp (D:8)
  2 ufetubi
  An adder skeleton (D:4)
  A worm (D:2)
  A dart slug (D:1)
  25 orcs
  9 ball pythons
  7 endoplasms
  3 giant cockroaches
  13 hobgoblins
  20 kobolds
  4 quokkas
  6 bats
  6 frilled lizards
  9 goblins
  9 rats
198 creatures vanquished.

Vanquished Creatures (collateral kills)
  An ogre (D:5)
  A water moccasin skeleton (D:5)
  2 orc priests (D:6)
  An iguana (D:5)
  An orc (D:4)
6 creatures vanquished.

Vanquished Creatures (others)
  A kobold (D:6)
  A fungus (D:1)
2 creatures vanquished.

Grand Total: 206 creatures vanquished

Notes
Turn   | Place    | Note
-------+----------+-------------------------------------------
     0 | D:5      | flotson the Demonspawn Delver began the quest for the Orb.
     0 | D:5      | Reached XP level 1. HP: 18/18 MP: 1/1
    23 | D:5      | Noticed a hound
    33 | D:4      | Noticed a hound
   347 | D:2      | Gained mutation: Your touch may inflict minor irresistible
                  | damage on your foes. [demonic ancestry]
   347 | D:2      | Reached XP level 2. HP: 24/24 MP: 2/2
   557 | D:1      | Reached skill level 1 in Armour
   650 | D:1      | Reached XP level 3. HP: 28/29 MP: 3/3
   975 | D:1      | Found a faded altar of an unknown god.
   989 | D:1      | Got Plato's Handbook of Companions
  1211 | D:2      | Reached skill level 1 in Throwing
  1288 | D:2      | Gained mutation: You have a somewhat thin skeletal
                  | structure. (Dex +2, Stealth+) [demonic ancestry]
  1288 | D:2      | Reached XP level 4. HP: 35/35 MP: 4/4
  1556 | D:2      | Found a shimmering altar of Xom.
  1713 | D:3      | Reached skill level 1 in Shields
  2151 | D:3      | Gained mutation: Your touch may inflict irresistible damage
                  | on your foes. [demonic ancestry]
  2151 | D:3      | Reached XP level 5. HP: 42/42 MP: 5/5
  2188 | D:3      | Reached skill level 1 in Evocations
  2690 | D:4      | Noticed Grinder
  2719 | D:4      | Killed Grinder
  2720 | D:4      | Reached skill level 4 in Fighting
  2720 | D:4      | Gained mutation: A weak demonic guardian rushes to your
                  | aid. [demonic ancestry]
  2720 | D:4      | Reached XP level 6. HP: 39/48 MP: 6/6
  3191 | D:4      | Found an opulent altar of Gozag.
  3213 | D:4      | Became a worshipper of Gozag Ym Sagoz the Greedy
  3351 | D:4      | Reached XP level 7. HP: 48/55 MP: 7/7
  3404 | D:4      | Found Igri's Antique Armour Shoppe.
  3961 | D:5      | Gained mutation: You have a moderately thin skeletal
                  | structure. (Dex +4, Stealth++) [demonic ancestry]
  3961 | D:5      | Reached XP level 8. HP: 61/61 MP: 8/8
  4004 | D:5      | Reached skill level 5 in Fighting
  4005 | D:5      | Noticed Edmund
  4026 | D:5      | Killed Edmund
  4149 | D:5      | Found Etoel's Antique Armour Emporium.
  4247 | D:5      | Found a staircase to the Ecumenical Temple.
  4531 | D:4      | Bought a jewelled ring mail for 279 gold pieces
  4531 | D:4      | Identified the +1 ring mail "Uddiehat" {rElec Will++ Int-5
                  | SInv} (You bought it in a shop on level 4 of the Dungeon)
  4893 | D:5      | Reached skill level 1 in Crossbows
  4997 | D:6      | Gained mutation: A demonic guardian rushes to your aid.
                  | [demonic ancestry]
  4997 | D:6      | Reached XP level 9. HP: 55/69 MP: 9/9
  5623 | D:6      | Reached skill level 5 in Dodging
  5751 | D:5      | Bought a runed helmet for 157 gold pieces
  5756 | D:5      | Bought a pair of boots for 94 gold pieces
  5851 | D:7      | Reached skill level 6 in Fighting
  6104 | D:7      | Identified the +8 hunting sling of the Jumping Coward
                  | {venom, rPois rN+ rCorr Int-4}
  6183 | D:7      | Reached skill level 5 in Armour
  6221 | D:7      | Identified the +4 dagger of Grontol {pain, Dex+4}
  6229 | D:7      | Found a blossoming altar of Fedhas.
  6229 | D:7      | Found a basalt altar of Yredelemnul.
  6260 | D:7      | Reached skill level 5 in Evocations
  6376 | D:7      | Found a sacrificial altar of Ru.
  6878 | D:8      | Noticed Pikel
  6890 | D:8      | Killed Pikel
  6891 | D:8      | Reached XP level 10. HP: 76/77 MP: 10/10
  6940 | D:8      | Reached skill level 7 in Fighting
  6964 | D:8      | Found a shimmering blue altar of Sif Muna.
  7146 | D:8      | Found a sparkling altar of Nemelex Xobeh.
  7146 | D:8      | Found a broken altar of Ashenzari.
  7351 | D:8      | Found Xaij Hir's General Store.
  7363 | D:8      | Bought a scroll of identify for 30 gold pieces
  7363 | D:8      | Bought a +4 scale mail of fire resistance for 465 gold
                  | pieces
  7462 | D:8      | Noticed Erica
  7596 | D:8      | HP: 3/73 [poisoned by Erica (bolt of poison)]
  7598 | D:8      | Killed from afar by Erica

Illustrated notes

Levels and vault maps discovered:
D:1:      grunt_arrival_lava_bath, layout_rooms,
          shapermc_ecumenical_altar_rom_forum
D:2:      layout_rooms, basic_altar, grunt_ministairs_5
D:3:      layout_loops_ring, small_statue_intersection, minmay_cut_off
D:4:      layout_loops_corners, mainiacjoe_overflow_brackets, serial_shops,
          nicolae_shop_window_shopping, minmay_a_box_with_orc_wizards_in_it,
          uniq_grinder
D:5:      layout_cave_pools, minmay_temple_entry_nine_rooms,
          minmay_shop_grid_forest, hangedman_decor_diamond_cutter,
          kennysheep_small_circle, uniq_edmund
D:6:      layout_loops_cross, minmay_bent
D:7:      layout_rooms, jmf_multi_god_temple, kennysheep_mini,
          hangedman_decor_slide_cut, grunt_ministairs_7, minmay_checkerbox
D:8:      layout_basic, lemuel_round_altar, mainiacjoe_overflow_large_starburst,
          serial_shops, nicolae_lakefront_shop, special_room [special_room_orc],
          minmay_unpleasant_kobolds, uniq_pikel, uniq_erica

Skill      XL: |  1  2  3  4  5  6  7  8  9 10 |
---------------+-------------------------------+-----
Dodging        | 2 3 4 6 |  6.2
Armour         | 1 2 3 4 5 |  5.8
Throwing       | 1 2 3 4 |  4.8
Shields        | 1 2 4 |  4.0
Evocations     | 1 2 3 4 5 6 |  6.0
Fighting       | 4 5 6 7 |  7.2
Crossbows      | 1 2 |  2.6
Axes           | 2 |  2.8
Stealth        | |  4.5

Action                   |  1- 3 |  4- 6 |  7- 9 | 10-12 || total
-------------------------+-------+-------+-------+-------++-------
Melee: Hand axe          |    27 |       |       |       ||    27
       Dagger            |    73 |   146 |   275 |       ||   494
       Touch             |    16 |       |       |       ||    16
       Morningstar       |       |       |     3 |    13 ||    16
 Fire: Hand crossbow     |       |       |    79 |       ||    79
       Hunting sling     |       |       |   101 |    72 ||   173
Throw: Dart              |       |       |       |     4 ||     4
Evoke: Wand              |       |       |     2 |     2 ||     4
  Use: Scroll            |     2 |       |       |       ||     2
       Potion            |     1 |       |       |     4 ||     5
 Stab: Sleeping          |     6 |    17 |    10 |       ||    33
Armor: Leather armour    |    13 |     2 |       |       ||    15
       Ring mail         |       |    21 |    70 |     5 ||    96
       Scale mail        |       |       |       |     6 ||     6
Dodge: Dodged            |    88 |    79 |   248 |    19 ||   434
Block: Buckler           |     4 |    21 |   127 |     8 ||   160

Table legend: (Time is in decaauts)
 A = Elapsed time spent in this place.
 B = Non-inter-level travel time spent in this place.
 C = Inter-level travel time spent in this place.
 D = Time resting spent in this place.
 E = Time spent auto-exploring this place.
 F = Levels seen in this place.
 G = Mean time per level.
                   A        B        C        D        E       F      G
               +--------+--------+--------+--------+--------+-----+--------+
         Total |   7680 |   7093 |    587 |    122 |   4940 |   8 |  960.0 |
       Dungeon |   7680 |   7093 |    587 |    122 |   4940 |   8 |  960.0 |
               +--------+--------+--------+--------+--------+-----+--------+

Top non-repeatable levels by time:
     D:4: 1414 daAuts
     D:3: 1208 daAuts
     D:6: 1130 daAuts
     D:7: 961 daAuts
     D:2: 882 daAuts
     D:5: 842 daAuts
     D:8: 723 daAuts
     D:1: 516 daAuts
